Unix NetHack Version 5.0.0-0 post-release - last build May 23 2026 06:08:33 (1c0ff79ee797540d5714e4e18072db0edd9e58ae,branch:main).

Game began 2026-05-29 12:16:20, ended 2026-05-29 13:07:46.

FutureTim, lawful female human Valkyrie

 ------             ----                                ----
--.|..--            |..--      ----                     |..|
|<.....--           |...|     --..|                ---- |..|              ---
--......--      -----.|.--    |...|               --..| --.----         ---.--
 |.......--     |.....|..|    |.---             ---...-- |....|       ---....|
 ----.....|     #.....|-.|    |.|              --......------.---    --...0.-
    |-....--#   |#....||.|  ---.--            --........|   |...|    |..--..|
    |.......|  -#.....-|*----....|           --.........--  ---.---- |.--|..|
    |.|.....| --.......|.^)......|           |....|.---.(-----|....|--.| --.---
    |.|-.---- |...--...|---......-----       --..---- --......----.|...|  |...|
    |.|---  ---...|----- |...--...--.--       |.--     |........|..|.---  |--.|
    |.|    --....----    --..--.......---------.|     --.............--   |...|
  ---.-----|.%--....--    |...............--....|  ----)..............|  --...|
  |.......--).--.....--   --.........----.....------..................---|...--
  |..----.............|    --.......-|  -------  |...................T@.-|..--
  ----  --....-......--     |........--          |.......................|---
         |..........--      --........|          ---.......---...........|
         --.---....--        ----.....|            |......-- |..........--
          --- ---..|            --..---            --.....|  |........*--
                ----             ----               ---.---  --.----.---
                                                      ---     ---  ---
FutureTim the Fighter       St:18 Dx:14 Co:18 In:8 Wi:8 Ch:9  Lawful
Dlvl:8  $:143 HP:0(61) Pw:15(15) AC:-2 Xp:7 T:3094  Satiated

Latest messages:
 You hear some noises in the distance.
 You see here a tiger eye ring.
 U - a tiger eye ring.
 You hear crashing rock.
 You hear crashing rock.
 You hear crashing rock.
 You descend the stairs.
 What do you want to use or apply? [klnqtvzCGHJLOPS or ?*] l
 Your lamp is now on.
 You hear crashing rock.
 A splash of venom misses you.
 You are almost hit by a splash of venom.
 You hear some noises in the distance.
 The water troll hits!
 The water troll hits!
 The water troll bites!
 Your oil lamp flickers.
 The black naga spits venom!
 A splash of venom misses you.
 You hear some noises.
 You hear some noises in the distance.
 You hear some noises.
 You hear some noises in the distance.
 You notice a dog smell.
 You hit the water troll!
 Devourer bites the gnome lord.
 The water troll hits!
 The water troll hits!
 The water troll bites!
 You climb up the stairs.
 You miss the water troll.
 The water troll hits!
 The water troll just misses!
 The water troll bites!
 Are you sure you want to pray? [yes|no] y
 "Yes" or "No": Are you sure you want to pray? [yes|no] yes
 You begin praying to Tyr.
 You are surrounded by a shimmering light.
 The water troll starts to attack you, but pulls back.
 The water troll starts to attack you, but pulls back.
 The water troll starts to attack you, but pulls back.
 You finish your prayer.
 You feel that Tyr is well-pleased.
 What do you want to zap? [zCJL or ?*] L
 In what direction? 4
 The magic missile hits the water troll.
 The water troll hits!
 The water troll hits!
 You die...
 Do you want your possessions identified? [ynq] (y) q

Inventory:
 Coins    ('$')
  $ - 143 gold pieces
 Weapons  (')')
  s - 8 +0 darts
  b - 6 +0 daggers (alternate weapons; not wielded)
  F - a +1 spear
  a - a +0 scimitar (weapon in right hand)
 Armor    ('[')
  j - an uncursed +0 pair of iron shoes (being worn)
  c - an uncursed +3 small shield (being worn)
  i - an uncursed +0 dwarvish cloak (being worn)
  e - an uncursed +0 banded mail (being worn)
 Comestibles  ('%')
  d - an uncursed food ration
 Potions  ('!')
  T - a cursed potion of booze
  K - an uncursed potion of healing
  o - an uncursed potion of object detection
  N - a potion of unholy water
 Rings    ('=')
  U - an uncursed ring of teleport control
 Wands    ('/')
  z - a wand of create monster (0:10)
  L - a wand of magic missile (0:4)
  J - a wand of polymorph (0:5)
  C - a wand of striking (0:7)
 Tools    ('(')
  q - an empty uncursed oilskin sack
  S - an uncursed wooden harp
  v - an uncursed magic whistle
  l - an uncursed oil lamp (lit)
  H - an uncursed oil lamp
  k - an uncursed skeleton key
  t - 2 uncursed partly used tallow candles
  P - an uncursed tallow candle
  n - a cursed tallow candle
  G - an uncursed towel
  O - an uncursed towel

FutureTim the Valkyrie's attributes:

Background:
 You were a Fighter, a level 7 human Valkyrie.
 You were lawful, on a mission for Tyr
 who was opposed by Odin (neutral) and Loki (chaotic).
 You were right-handed.
 You were in the Gnomish Mines, on level 8.
 You entered the dungeon 3094 turns ago.
 You had 936 experience points, 344 more were needed to attain level 8.

Basics:
 You had 0 out of 61 hit points.
 You had all 15 energy points (spell power).
 Your armor class was -2.
 Your wallet contained 143 zorkmids.
 Autopickup was off.

Final Characteristics:
 Your strength was 18 (limit:18/100).
 Your dexterity was 14 (limit:18).
 Your constitution was 18 (limit:18).
 Your intelligence was 8 (limit:18).
 Your wisdom was 8 (limit:18).
 Your charisma was 9 (limit:18).

Final Status:
 You were satiated.
 You were unencumbered.
 You were wielding a saber.
 You had basic skill with saber.

Final Attributes:
 You were piously aligned.
 Your items were somewhat protected from fire.
 You were cold resistant.
 Your items were somewhat protected from cold.
 You were stealthy.
 You were warded.
 You were fast.
 You are dead.

Miscellaneous:
 You didn't encounter any bones levels.
 Total elapsed playing time was 50 minutes and 7 seconds.

Major events:
 Turn
    1: FutureTim the lawful human Valkyrie entered the dungeon
  669: attained the rank of Skirmisher (level 3)
  692: entered the Gnomish Mines
 1813: reached Mine Town
 1818: attained the rank of Fighter (level 6)
 3094: killed by a water troll

You didn't know any spells.

Skills:
 Fighting Skills
   bare handed combat [Unskilled]
   two weapon combat  [Unskilled]
   riding             [Unskilled]
 Weapon Skills
   dagger             [Basic]
   axe                [Unskilled]
   pick-axe           [Unskilled]
   short sword        [Unskilled]
   broadsword         [Unskilled]
   long sword         [Unskilled]
   two-handed sword   [Unskilled]
   saber              [Basic]
   hammer             [Unskilled]
   quarterstaff       [Unskilled]
   polearms           [Unskilled]
   spear              [Skilled]
   trident            [Unskilled]
   lance              [Unskilled]
   sling              [Unskilled]
 Spellcasting Skills
   attack spells      [Unskilled]
   escape spells      [Unskilled]

Voluntary challenges:
 Character rerolling was not enabled.
 You never genocided any monsters.
 You never polymorphed an object.
 You never changed form.
 You used no wishes.
Achievements:
 You attained the rank of Skirmisher.
 You entered the Gnomish Mines.
 You entered Minetown.
 You entered a shop.
 You attained the rank of Fighter.
 You entered a temple.

 The Dungeons of Doom: levels 1 to 4
    Level 1:
    Level 2:
       A fountain.
    Level 3:
       Stairs down to The Gnomish Mines.
    Level 4:
 The Gnomish Mines: levels 4 to 9
    Level 4:
    Level 5:
    Level 6:
       Many shops, a temple and an altar, some fountains.
    Level 7:
    Level 8: <- You were here.
       Final resting place for
          you, killed by a water troll.
    Level 9:


Vanquished creatures:
  a giant mimic
  a small mimic
 an elf mummy
  2 giant beetles
  a giant spider
  a lizard
  a bugbear
 an orc shaman
  a rock piercer
  a rock mole
  a pony
  9 gnome leaders
  4 gnomish wizards
  a kitten
  3 dwarves
  7 hill orcs
  a rothe
  a dwarf zombie
 an iguana
  2 hobbits
  2 hobgoblins
  2 giant rats
  a yellow mold
  a red mold
 39 gnomes
  a gnome zombie
  3 geckos
  2 jackals
  3 goblins
  3 grid bugs
  3 lichens
  3 newts
104 creatures vanquished.

No species were genocided or became extinct.

Game over:
                       ----------
                      /          \
                     /    REST    \
                    /      IN      \
                   /     PEACE      \
                  /                  \
                  |    FutureTim     |
                  |      143 Au      |
                  |   killed by a    |
                  |   water troll    |
                  |                  |
                  |                  |
                  |       2026       |
                 *|     *  *  *      | *
        _________)/\\_//(\/(/\)/\//\/|_)_______

Farvel FutureTim the Valkyrie...

You died in The Gnomish Mines on dungeon level 8 with 4293 points,
and 143 pieces of gold, after 3094 moves.
You were level 7 with a maximum of 61 hit points when you died.

